[ AOE2 MATCH · #495731455 ]
UnrankedSicilians vs Sicilians
Player's team · LOSS
Rival team · WIN
[ REPLAY ANALYSIS · EXTRACTED FROM THE RECORDED GAME ]
Feudal
9:03
Castle
22:22
Imperial
—
| APM avg | 57.9 |
| APM peak | 103 |
| eAPM avg | 30.1 |
| Villagers / military | 136 / 63 |
Focus
⚔️ 55.6% · 🌾 44.4%
Knight ×31 · Archer ×14 · Skirmisher ×6 · Militia ×5 · Scorpion ×4 · Monk ×2
Feudal
9:18
Castle
21:58
Imperial
38:11
| APM avg | 54.8 |
| APM peak | 115 |
| eAPM avg | 25.8 |
| Villagers / military | 154 / 74 |
Focus
⚔️ 45.3% · 🌾 54.7%
Archer ×42 · Serjeant ×16 · Monk ×8 · Skirmisher ×7 · Trebuchet (Packed) ×1
Match map
Initial resources + every placement click. Lines = walls · curves = elevation contours. ◆ gold · ⬟ stone · ● berries · ✦ relic · ◌ wall gap
Your base· ✓ Closed at 22:22 · 67t walls · no gate
Trash's base· ✓ Closed at 21:58 · 40t walls · 1 gate(s)
Smoothed initial terrain · ◌ = detected wall gap · hover for details
Inputs per minute
— hK | Volg - - Trash
Build order — hK | Volg
First 150 of 348 actions detected
| 0:00 | Create | Villager (Male) |
| 0:01 | Create | Villager (Male) |
| 0:01 | Build | House |
| 0:02 | Build | House |
| 0:03 | Create | Villager (Male) |
| 0:04 | Create | Villager (Male) |
| 1:24 | Create | Villager (Male) |
| 1:55 | Create | Villager (Male) |
| 2:00 | Build | Lumber Camp |
| 2:22 | Create | Villager (Male) |
| 2:43 | Create | Villager (Male) |
| 3:01 | Create | Villager (Male) |
| 3:36 | Create | Villager (Male) |
| 3:41 | Create | Villager (Male) |
| 3:50 | Build | House |
| 3:51 | Build | House |
| 4:05 | Create | Villager (Male) |
| 4:24 | Create | Villager (Male) |
| 4:46 | Create | Villager (Male) |
| 5:14 | Create | Villager (Male) |
| 5:34 | Build | Barracks |
| 5:43 | Research | Loom |
| 5:55 | Build | Palisade Wall |
| 6:53 | Research | Feudal Age |
| 7:23 | Build | Mining Camp |
| 7:24 | Create | Militia |
| 7:33 | Create | Militia |
| 7:49 | Build | Palisade Wall |
| 7:50 | Build | House |
| 8:00 | Create | Militia |
| 8:19 | Create | Militia |
| 8:28 | Build | Palisade Wall |
| 9:03 | Age | Feudal Age |
| 9:06 | Build | Palisade Wall |
| 9:09 | Build | Archery Range |
| 9:23 | Research | Man-at-Arms (upgrade) |
| 9:40 | Create | Villager (Male) |
| 9:44 | Create | Villager (Male) |
| 9:55 | Build | Blacksmith |
| 9:56 | Build | Palisade Wall |
| 9:59 | Build | Palisade Wall |
| 10:14 | Create | Militia |
| 10:25 | Build | Palisade Wall |
| 10:33 | Create | Skirmisher |
| 10:43 | Create | Villager (Male) |
| 10:49 | Build | Palisade Wall |
| 11:06 | Build | Mill |
| 11:07 | Create | Villager (Male) |
| 11:10 | Build | Outpost |
| 11:14 | Create | Archer |
| 11:43 | Build | Farm |
| 11:44 | Build | Farm |
| 11:49 | Create | Archer |
| 11:51 | Build | Palisade Wall |
| 12:03 | Build | House |
| 12:31 | Create | Archer |
| 12:31 | Create | Archer |
| 12:32 | Create | Villager (Male) |
| 12:41 | Build | Palisade Wall |
| 12:46 | Create | Villager (Male) |
| 12:48 | Build | Farm |
| 12:55 | Build | Farm |
| 13:02 | Create | Archer |
| 13:04 | Create | Villager (Male) |
| 13:18 | Build | Palisade Wall |
| 13:26 | Build | Farm |
| 13:29 | Build | Farm |
| 13:47 | Create | Villager (Male) |
| 14:02 | Create | Villager (Male) |
| 14:04 | Build | Farm |
| 14:26 | Build | Farm |
| 14:30 | Create | Archer |
| 14:30 | Create | Archer |
| 14:34 | Research | Fletching |
| 14:37 | Create | Villager (Male) |
| 14:42 | Build | Palisade Wall |
| 14:53 | Build | House |
| 14:55 | Build | Palisade Wall |
| 15:01 | Create | Villager (Male) |
| 15:04 | Create | Archer |
| 15:21 | Build | Farm |
| 15:22 | Create | Villager (Male) |
| 15:29 | Create | Archer |
| 15:31 | Create | Villager (Male) |
| 15:45 | Create | Villager (Male) |
| 15:52 | Build | Farm |
| 15:59 | Build | House |
| 16:09 | Create | Villager (Male) |
| 16:32 | Create | Villager (Male) |
| 16:34 | Build | Farm |
| 16:36 | Build | Farm |
| 16:42 | Build | House |
| 16:44 | Create | Archer |
| 16:49 | Create | Villager (Male) |
| 17:12 | Build | House |
| 17:13 | Create | Villager (Male) |
| 17:17 | Build | Farm |
| 17:31 | Create | Archer |
| 17:31 | Create | Archer |
| 17:32 | Create | Villager (Male) |
| 17:39 | Research | Double-Bit Axe |
| 17:45 | Build | Palisade Wall |
| 18:14 | Create | Villager (Male) |
| 18:39 | Create | Villager (Male) |
| 18:45 | Build | Market |
| 18:56 | Build | Farm |
| 19:00 | Create | Archer |
| 19:00 | Create | Archer |
| 19:42 | Research | Castle Age |
| 19:53 | Build | House |
| 19:55 | Build | House |
| 20:03 | Build | Lumber Camp |
| 20:09 | Create | Skirmisher |
| 20:09 | Create | Skirmisher |
| 20:11 | Research | Padded Archer Armor |
| 20:54 | Create | Skirmisher |
| 20:54 | Create | Skirmisher |
| 21:06 | Build | Stable |
| 21:10 | Create | Skirmisher |
| 21:17 | Research | Scale Barding Armor |
| 21:20 | Create | Villager (Male) |
| 21:30 | Build | Farm |
| 21:34 | Research | Bloodlines |
| 21:51 | Create | Villager (Male) |
| 21:58 | Build | Lumber Camp |
| 22:22 | Age | Castle Age |
| 22:25 | Research | Bow Saw |
| 22:28 | Create | Knight |
| 22:35 | Create | Villager (Male) |
| 23:15 | Create | Villager (Male) |
| 23:16 | Create | Villager (Male) |
| 23:23 | Create | Villager (Male) |
| 23:28 | Build | Town Center |
| 23:46 | Create | Knight |
| 23:46 | Create | Knight |
| 24:04 | Create | Villager (Male) |
| 24:04 | Create | Villager (Male) |
| 24:17 | Build | Siege Workshop |
| 24:20 | Create | Villager (Male) |
| 24:24 | Create | Knight |
| 24:35 | Build | Lumber Camp |
| 24:55 | Create | Mangonel |
| 24:58 | Create | Villager (Male) |
| 24:58 | Create | Villager (Male) |
| 25:08 | Create | Villager (Male) |
| 25:38 | Create | Knight |
| 25:38 | Create | Knight |
| 25:51 | Build | Farm |
| 25:52 | Create | Villager (Male) |
| 25:58 | Build | Town Center |
Build order — Trash
First 150 of 323 actions detected
| 0:00 | Create | Villager (Male) |
| 0:01 | Create | Villager (Male) ×3 |
| 0:01 | Create | Villager (Male) ×3 |
| 0:02 | Build | House |
| 0:04 | Build | House |
| 1:21 | Create | Villager (Male) |
| 1:51 | Build | Lumber Camp |
| 1:55 | Create | Villager (Male) |
| 1:55 | Create | Villager (Male) |
| 2:17 | Create | Villager (Male) |
| 2:43 | Create | Villager (Male) |
| 3:03 | Create | Villager (Male) |
| 3:32 | Create | Villager (Male) |
| 3:52 | Build | House |
| 3:53 | Build | House |
| 3:58 | Create | Villager (Male) |
| 4:18 | Create | Villager (Male) |
| 4:33 | Create | Villager (Male) |
| 4:51 | Create | Villager (Male) |
| 5:00 | Build | Mill |
| 5:05 | Create | Villager (Male) |
| 5:58 | Create | Villager (Male) |
| 5:58 | Research | Loom |
| 6:29 | Build | Palisade Wall |
| 7:02 | Build | Donjon |
| 7:08 | Research | Feudal Age |
| 7:17 | Build | House |
| 7:20 | Build | Palisade Wall |
| 8:27 | Build | Mining Camp |
| 9:18 | Age | Feudal Age |
| 9:24 | Create | Villager (Male) |
| 9:24 | Create | Villager (Male) |
| 9:37 | Research | Double-Bit Axe |
| 9:37 | Research | Horse Collar |
| 10:00 | Build | Lumber Camp |
| 10:08 | Create | Serjeant |
| 10:08 | Create | Serjeant |
| 10:09 | Create | Serjeant |
| 10:09 | Create | Serjeant |
| 10:19 | Create | Villager (Male) |
| 10:40 | Create | Villager (Male) |
| 11:05 | Build | House |
| 11:10 | Build | House |
| 11:18 | Create | Villager (Male) |
| 11:36 | Build | Palisade Wall |
| 11:37 | Create | Villager (Male) |
| 11:40 | Build | Archery Range |
| 11:52 | Create | Villager (Male) |
| 12:13 | Create | Villager (Male) |
| 12:30 | Create | Villager (Male) |
| 12:32 | Build | House |
| 12:44 | Create | Skirmisher |
| 12:48 | Build | Blacksmith |
| 12:49 | Create | Villager (Male) |
| 12:56 | Build | Farm |
| 12:59 | Build | Farm |
| 13:05 | Create | Villager (Male) |
| 13:10 | Create | Skirmisher |
| 13:21 | Create | Skirmisher |
| 13:34 | Build | Palisade Wall |
| 13:48 | Build | House |
| 13:49 | Research | Fletching |
| 13:49 | Research | Fletching |
| 13:50 | Create | Villager (Male) |
| 13:52 | Build | Farm |
| 14:00 | Create | Villager (Male) |
| 14:06 | Build | Palisade Gate |
| 14:12 | Build | Palisade Wall |
| 14:18 | Create | Villager (Male) |
| 14:18 | Create | Skirmisher |
| 14:37 | Create | Villager (Male) |
| 14:42 | Create | Archer |
| 14:45 | Build | House |
| 14:48 | Build | Farm |
| 14:59 | Build | Farm |
| 15:08 | Build | House |
| 15:19 | Build | Farm |
| 15:22 | Build | Farm |
| 15:24 | Create | Archer |
| 15:36 | Create | Skirmisher |
| 15:40 | Build | House |
| 15:42 | Create | Villager (Male) |
| 15:51 | Build | Farm |
| 16:06 | Build | Palisade Wall |
| 16:10 | Build | Farm |
| 16:11 | Build | House |
| 16:13 | Create | Villager (Male) |
| 16:14 | Create | Archer |
| 16:20 | Build | Farm |
| 16:26 | Create | Villager (Male) |
| 16:29 | Build | Farm |
| 16:38 | Create | Archer |
| 16:41 | Build | House |
| 16:44 | Build | Farm |
| 16:49 | Create | Villager (Male) |
| 16:57 | Build | Farm |
| 17:10 | Create | Villager (Male) |
| 17:12 | Build | Farm |
| 17:23 | Build | Farm |
| 17:25 | Build | Farm |
| 17:29 | Create | Archer |
| 17:37 | Create | Villager (Male) |
| 17:44 | Build | Mining Camp |
| 17:50 | Create | Archer |
| 17:58 | Create | Villager (Male) |
| 18:03 | Build | Farm |
| 18:13 | Build | Farm |
| 18:17 | Build | Farm |
| 18:21 | Create | Archer |
| 18:43 | Create | Villager (Male) |
| 18:44 | Build | Farm |
| 19:18 | Research | Castle Age |
| 19:18 | Research | Castle Age |
| 19:42 | Build | Farm |
| 19:44 | Research | Padded Archer Armor |
| 19:47 | Create | Skirmisher |
| 19:48 | Create | Archer |
| 19:50 | Build | Archery Range |
| 20:11 | Create | Archer |
| 20:21 | Research | Stone Mining |
| 20:21 | Research | Gold Mining |
| 21:02 | Create | Archer |
| 21:03 | Create | Archer |
| 21:15 | Create | Skirmisher |
| 21:34 | Research | Wheelbarrow |
| 21:34 | Research | Wheelbarrow |
| 21:39 | Build | Palisade Wall |
| 21:58 | Age | Castle Age |
| 22:01 | Build | Town Center |
| 22:07 | Research | Crossbowman (upgrade) |
| 22:07 | Research | Crossbowman (upgrade) |
| 22:26 | Research | Bodkin Arrow |
| 22:26 | Research | Bodkin Arrow |
| 22:28 | Research | Bow Saw |
| 22:34 | Research | Heavy Plow |
| 22:35 | Research | Heavy Plow |
| 23:08 | Create | Villager (Male) ×3 |
| 23:23 | Create | Villager (Male) |
| 23:26 | Build | Farm |
| 23:26 | Build | Farm |
| 23:26 | Build | Farm |
| 23:26 | Build | Farm |
| 23:27 | Build | Farm |
| 24:03 | Research | Town Watch |
| 24:03 | Create | Villager (Male) ×3 |
| 24:06 | Build | Town Center |
| 24:09 | Build | Town Center |
| 24:30 | Build | Donjon |
| 24:33 | Create | Villager (Male) ×5 |
| 24:42 | Build | Farm |
Match timeline
| 5:34 | hK | Volg · first_building Barracks |
| 5:55 | hK | Volg · wall_segment Palisade Wall x1 |
| 6:29 | Trash · wall_segment Palisade Wall x18 |
| 7:02 | Trash · first_building Donjon |
| 7:20 | Trash · wall_segment Palisade Wall x17 |
| 7:49 | hK | Volg · wall_segment Palisade Wall x4 |
| 8:28 | hK | Volg · wall_segment Palisade Wall x3 |
| 9:03 | hK | Volg · age_up feudal |
| 9:06 | hK | Volg · wall_segment Palisade Wall x3 |
| 9:09 | hK | Volg · first_building Archery Range |
| 9:18 | Trash · age_up feudal |
| 9:56 | hK | Volg · wall_segment Palisade Wall x1 |
| 9:59 | hK | Volg · wall_segment Palisade Wall x2 |
| 10:25 | hK | Volg · wall_segment Palisade Wall x10 |
| 10:49 | hK | Volg · wall_segment Palisade Wall x10 |
| 11:36 | Trash · wall_segment Palisade Wall x1 |
| 11:40 | Trash · first_building Archery Range |
| 11:51 | hK | Volg · wall_segment Palisade Wall x7 |
| 12:41 | hK | Volg · wall_segment Palisade Wall x5 |
| 13:18 | hK | Volg · wall_segment Palisade Wall x2 |
| 13:34 | Trash · wall_segment Palisade Wall x1 |
| 14:12 | Trash · wall_segment Palisade Wall x3 |
| 14:42 | hK | Volg · wall_segment Palisade Wall x11 |
| 14:55 | hK | Volg · wall_segment Palisade Wall x4 |
| 16:06 | Trash · wall_segment Palisade Wall x1 |
| 17:45 | hK | Volg · wall_segment Palisade Wall x5 |
| 21:06 | hK | Volg · first_building Stable |
| 21:39 | Trash · wall_segment Palisade Wall x1 |
| 21:58 | Trash · age_up castle |
| 22:22 | hK | Volg · age_up castle |
| 24:17 | hK | Volg · first_building Siege Workshop |
| 25:50 | Trash · first_building Monastery |
| 26:23 | hK | Volg · first_market_buy 100 food |
| 26:25 | hK | Volg · first_market_sell 100 wood |
| 27:34 | Trash · first_building Barracks |
| 31:38 | hK | Volg · first_building Monastery |
| 33:48 | Trash · first_building Castle |
| 34:09 | hK | Volg · first_building Castle |
| 38:11 | Trash · age_up imperial |
| 39:22 | hK | Volg · resign |
[ AI ANALYSIS · 1 CREDIT ]
What really happened in this match?
Wolo.gg analyzes every decision: build order, eco, micro, common mistakes by bracket. Personalized analysis on WhatsApp or Discord in 30 seconds.
Civ guide
Sicilians
Perfil
Jugador #2295504